 Dungeon Crawl Stone Soup version 0.20-a0-270-g8e735b6 (webtiles) character file.

84 sugabear the Slasher (level 4, 0/23 HPs)
             Began as a Vine Stalker Gladiator on Dec 11, 2016.
             Slain by a gnoll
             ... wielding a +0 club
              (3 damage)
             ... on level 3 of the Dungeon.
             The game lasted 00:01:45 (1555 turns).

sugabear the Slasher (Vine Stalker Gladiator)       Turns: 1555, Time: 00:01:46

Health: 0/23       AC:  4    Str: 18    XL:     4   Next: 45%
Magic:  0/5        EV: 13    Int:  8    God:
Gold:   139        SH:  0    Dex: 15    Spells: 3/3 levels left

rFire  . . .     SeeInvis .     a - +0 long sword
rCold  . . .     Gourm    .     b - +0 leather armour
rNeg   . . .     Faith    .     (no shield)
rPois  .         Spirit   +     c - +0 helmet
rElec  .         Reflect  .     (no cloak)
rCorr  .         Harm     .     (no gloves)
MR     .....                    (no boots)
Stlth  +.........               (no amulet)
                                (no ring)
                                (no ring)

@: no status effects
A: fangs 2, regeneration 1, magic shield, antimagic bite, no device heal 3, rot
immunity
a: no special abilities


You were on level 3 of the Dungeon.
You were not hungry.

You visited 1 branch of the dungeon, and saw 3 of its levels.

You collected 139 gold pieces.

Inventory:

Hand Weapons
 a - a +0 long sword (weapon)
Missiles
 d - 3 throwing nets (quivered)
Armour
 b - a +0 leather armour (worn)
 c - a +0 helmet (worn)
 e - a cursed +0 robe
Scrolls
 h - 2 scrolls of amnesia {unknown}
 i - a scroll of enchant weapon {unknown}
 j - 2 scrolls of teleportation {unknown}
 k - 4 scrolls of identify {unknown}
 m - a scroll of fear {unknown}
 r - a scroll of enchant armour {unknown}
 s - a scroll of remove curse {unknown}
 t - a scroll of blinking {unknown}
Potions
 n - 2 potions of cancellation {unknown}
 o - a potion of curing
 p - a potion of heal wounds {unknown}
 q - a potion of degeneration {unknown}
Comestibles
 f - 2 bread rations
 g - 2 meat rations
 l - a beef jerky


   Skills:
 + Level 2.0 Fighting
 + Level 3.7 Long Blades
 + Level 2.1 Throwing
 + Level 0.8 Armour
 + Level 2.9 Dodging


You had 3 spell levels left.
You didn't know any spells.

Dungeon Overview and Level Annotations

Branches:
Dungeon (3/15)

Altars:


Innate Abilities, Weirdness & Mutations

You have extremely sharp teeth.
Your natural rate of healing is unusually fast.
When hurt, damage is shared between your health and your magic reserves.
Your bite disrupts and absorbs the magic of your enemies.
Potions and wands cannot restore your health.
You are immune to rotting.


Message History

The gnoll hits you from afar with a spear! x2
* * * LOW HITPOINT WARNING * * *
The gnoll barely misses you.
Unknown command.
You are too injured to fight recklessly!
You slash the dart slug! You bite the dart slug. You drain its power.
You feel invigorated.
The dart slug is almost dead.
The gnoll closely misses you. The gnoll barely misses you.
The dart slug closely misses you. The gnoll misses you.
You hit the dart slug.
You kill the dart slug!
The gnoll hits you with a club.
* * * LOW HITPOINT WARNING * * *
The gnoll closely misses you. x3; The gnoll barely misses you.
You riposte.
You barely miss the gnoll. You bite the gnoll, but do no damage.
The gnoll is heavily wounded.
There is a stone staircase leading up here.
The gnoll hits you with a club.
You die...

### ...#.
####.....)
#.@.......
#g##......
#g# ...##
#.g.# ###
#.....#
#.....#
#.....#
##.....
##>####


You could see 3 gnolls.

Vanquished Creatures
  3 adders (D:2)
  A gnoll (D:3)
  A worm (D:2)
  3 dart slugs
  2 leopard geckos
  A giant cockroach (D:2)
  4 goblins
  3 hobgoblins
  8 bats
  5 frilled lizards
  4 kobolds
  5 rats
40 creatures vanquished.

Notes
Turn   | Place    | Note
-------+----------+-------------------------------------------
     0 | D:1      | sugabear the Vine Stalker Gladiator began the quest for the Orb.
     0 | D:1      | Reached XP level 1. HP: 11/11 MP: 2/2
   178 | D:1      | Reached XP level 2. HP: 12/15 MP: 3/3
   238 | D:1      | Reached skill level 3 in Long Blades
   630 | D:2      | Reached XP level 3. HP: 17/18 MP: 4/4
  1268 | D:2      | Gained mutation: Your natural rate of healing is unusually fast. [Vine Stalker growth]
  1268 | D:2      | Reached XP level 4. HP: 12/23 MP: 5/5
  1555 | D:3      | Slain by a gnoll

Vault maps used:
D:1:      dpeg_arrival_yet_another_circle, hangedman_abyss_or_decor_lesser_grid
D:2:      first_bread

Skill      XL: |  1  2  3  4 |
---------------+-------------+-----
Throwing       | 2 |  2.1
Long Blades    | 3 |  3.7
Fighting       | 2 |  2.0
Armour         | |  0.8
Dodging        | |  2.9

Action                   |  1- 3 |  4- 6 || total
-------------------------+-------+-------++-------
Melee: Long sword        |    64 |    13 ||    77
       Bite              |    15 |     8 ||    23
  Use: Potion            |     1 |       ||     1
  Eat: Chunk             |     1 |     1 ||     2
Armor: Leather armour    |    17 |     4 ||    21
Dodge: Dodged            |    38 |    29 ||    67
       Rpst.: Long sword |    11 |    10 ||    21
